PCL
MEXICO CITY CERVECEROS @ VANCOUVER VIPERS
08/04/2025
 
TOP OF THE 1ST
Mexico City Cerveceros batting - Pitching for Vancouver Vipers : RHP Ben Evans
Pitching: RHP Ben Evans
Batting: RHB Arnold Harmon 0-0: Called Strike
0-1: Foul Ball, location: 2F
0-2: Ball
1-2: Strikes out swinging
Batting: RHB Jesús Torres 0-0: Ball
1-0: SOLO HOME RUN (Flyball, 7D), Distance : 382 ft
Batting: RHB Dave Morgan 0-0: Called Strike
0-1: Ball
1-1: Swinging Strike
1-2: Ball
2-2: Foul Ball, location: 2F
2-2: Ball
3-2: Base on Balls
Batting: LHB Chad Weaver 0-0: Foul Ball, location: 2F
0-1: Swinging Strike
0-2: Ball
1-2: Foul Ball, location: 2F
1-2: Fly out, F7 (Flyball, 78M)
Batting: RHB Lorenzo Ayala 0-0: Swinging Strike
0-1: Foul Ball, location: 2F
0-2: Ball
1-2: Foul Ball, location: 2F
1-2: Foul Ball, location: 2F
1-2: Foul Ball, location: 2F
1-2: DOUBLE (Flyball, 8LXD)
Dave Morgan to third
Runner from 3rd tries for Home, SAFE, throw made home
Batting: RHB Dennis Stephenson 0-0: Ball
1-0: Called Strike
1-1: Called Strike
1-2: Ball
2-2: Strikes out looking
Top of the 1st over - 2 run(s), 2 hit(s), 0 error(s), 1 left on base; Mexico City 2 - Vancouver 0
BOTTOM OF THE 1ST
Vancouver Vipers batting - Pitching for Mexico City Cerveceros : RHP Honorato Mota
Pitching: RHP Honorato Mota
Batting: LHB Malcolm Thomas 0-0: Fly out, F9 (Line Drive, 9M)
Batting: LHB Katsumi Morishita 0-0: Ground out 4-3 (Groundball, 4M)
Batting: RHB Howard Lane 0-0: Fly out, F8 (Flyball, 8RD)
Bottom of the 1st over - 0 run(s), 0 hit(s), 0 error(s), 0 left on base; Mexico City 2 - Vancouver 0
TOP OF THE 2ND
Mexico City Cerveceros batting - Pitching for Vancouver Vipers : RHP Ben Evans
Batting: LHB Brandon Cummings 0-0: Called Strike
0-1: Ball
1-1: Foul Ball, location: 2F
1-2: Ball
2-2: Fly out, F3 (Popup, 13)
Batting: RHB Rafael Rincón 0-0: Ball
1-0: Foul Ball, location: 2F
1-1: Called Strike
1-2: Ball
2-2: Ball
3-2: Base on Balls
Batting: RHB Reynold Akker 0-0: Called Strike
0-1: Foul Ball, location: 2F
0-2: Ball
1-2: Foul Ball, location: 2F
1-2: Fielders Choice at 2nd, 6-4 (Groundball, 6M)
Batting: RHB Arnold Harmon 0-0: Ball
1-0: Ground out 4-3 (Groundball, 4)
Top of the 2nd over - 0 run(s), 0 hit(s), 0 error(s), 1 left on base; Mexico City 2 - Vancouver 0
BOTTOM OF THE 2ND
Vancouver Vipers batting - Pitching for Mexico City Cerveceros : RHP Honorato Mota
Batting: RHB Sergio Pujols 0-0: Ball
1-0: Ball
2-0: Called Strike
2-1: Ground out 3-1 (Groundball, 34)
Batting: RHB Oscar Rudd 0-0: Foul Ball, location: 2F
0-1: Swinging Strike
0-2: Ball
1-2: Ball
2-2: Ball
3-2: Base on Balls
Batting: RHB Axel Guimont 0-0: Called Strike
0-1: Hit by Pitch
Oscar Rudd to second
Batting: RHB Tomás Estrada 0-0: Ball
1-0: Called Strike
1-1: Foul Ball, location: 2F
1-2: SINGLE (Groundball, 6MD)
Oscar Rudd to third
Axel Guimont to second
Runner from 3rd tries for Home, SAFE, no throw or cutoff
Batting: RHB Marvin Workman 0-0: Ball
1-0: Ball
2-0: Called Strike
2-1: Ball
3-1: Base on Balls
Axel Guimont to third
Tomás Estrada to second
Batting: RHB Salvador Medine 0-0: Ball
1-0: Foul Ball, location: 2F
1-1: Called Strike
1-2: Ball
2-2: Fielders Choice at 2nd, 6-4 (Groundball, 6M)
Axel Guimont scores
Tomás Estrada to third
Batting: LHB Malcolm Thomas 0-0: Called Strike
0-1: Swinging Strike
0-2: Ball
1-2: DOUBLE (Flyball, 8LXD)
Tomás Estrada scores
Salvador Medine to third
Runner from 3rd tries for Home, SAFE, no throw or cutoff
Batting: LHB Katsumi Morishita 0-0: Ball
1-0: Ball
2-0: Called Strike
2-1: Called Strike
2-2: Foul Ball, location: 2F
2-2: Foul Ball, location: 2F
2-2: Fly out, F8 (Flyball, 8LM)
Bottom of the 2nd over - 4 run(s), 2 hit(s), 0 error(s), 1 left on base; Mexico City 2 - Vancouver 4
TOP OF THE 3RD
Mexico City Cerveceros batting - Pitching for Vancouver Vipers : RHP Ben Evans
Batting: RHB Jesús Torres 0-0: Hit by Pitch
Batting: RHB Dave Morgan 0-0: Ball
1-0: Ball
2-0: Fly out, F5 (Line Drive, 5)
Batting: LHB Chad Weaver 0-0: Called Strike
0-1: Ball
1-1: Fly out, F6 (Popup, 56D)
Batting: RHB Lorenzo Ayala 0-0: Ball
1-0: Called Strike
1-1: Ball
2-1: Fielders Choice at 2nd, U6 (Groundball, 6M)
Top of the 3rd over - 0 run(s), 0 hit(s), 0 error(s), 1 left on base; Mexico City 2 - Vancouver 4
BOTTOM OF THE 3RD
Vancouver Vipers batting - Pitching for Mexico City Cerveceros : RHP Honorato Mota
Batting: RHB Howard Lane 0-0: Called Strike
0-1: Ball
1-1: Called Strike
1-2: Ball
2-2: Fly out, F8 (Line Drive, 89M)
Batting: RHB Sergio Pujols 0-0: Ball
1-0: Foul Ball, location: 2F
1-1: Ground out 6-3 (Groundball, 6)
Batting: RHB Oscar Rudd 0-0: DOUBLE (Flyball, 78M)
Batting: RHB Axel Guimont 0-0: TRIPLE (Line Drive, 8LXD)
Oscar Rudd scores
Batting: RHB Tomás Estrada 0-0: Ball
1-0: Ball
2-0: Foul Ball, location: 2F
2-1: Called Strike
2-2: Ball
Wild Pitch!
Axel Guimont scores
3-2: Foul Ball, location: 2F
3-2: Fly out, F6 (Line Drive, 6M)
Bottom of the 3rd over - 2 run(s), 2 hit(s), 0 error(s), 0 left on base; Mexico City 2 - Vancouver 6
TOP OF THE 4TH
Mexico City Cerveceros batting - Pitching for Vancouver Vipers : RHP Ben Evans
Batting: RHB Dennis Stephenson 0-0: Called Strike
0-1: Swinging Strike
0-2: Ball
1-2: Foul Ball, location: 2F
1-2: Ground out 5-3 (Groundball, 56)
Batting: LHB Brandon Cummings 0-0: Called Strike
0-1: Ball
1-1: Ball
2-1: Bunted foul
2-2: SOLO HOME RUN (Flyball, 78XD), Distance : 415 ft
Batting: RHB Rafael Rincón 0-0: Ball
1-0: Reached on error, E4 (Groundball, 4)
Batting: RHB Reynold Akker 0-0: Foul Ball, location: 2F
0-1: Ball
1-1: Called Strike
1-2: Ball
2-2: Foul Ball, location: 2F
2-2: Foul Ball, location: 2F
2-2: 2-RUN HOME RUN (Flyball, 8LD), Distance : 435 ft
Batting: RHB Arnold Harmon 0-0: Ball
1-0: Fly out, F2 (Popup, 23F)
Batting: RHB Jesús Torres 0-0: Ball
1-0: Called Strike
1-1: Ball
2-1: Called Strike
2-2: Foul Ball, location: 2F
2-2: Foul Ball, location: 2F
2-2: Ball
3-2: SINGLE (Flyball, 9LS)
Batting: RHB Dave Morgan 0-0: Ball
1-0: Foul Ball, location: 2F
1-1: Swinging Strike
1-2: Ball
2-2: Ball
3-2: Foul Ball, location: 2F
3-2: DOUBLE (Flyball, 89D)
Jesús Torres to third
Jesús Torres scores
Batting: LHB Chad Weaver 0-0: Ball
1-0: Ground out 6-3 (Groundball, 6)
Top of the 4th over - 4 run(s), 4 hit(s), 1 error(s), 1 left on base; Mexico City 6 - Vancouver 6
BOTTOM OF THE 4TH
Vancouver Vipers batting - Pitching for Mexico City Cerveceros : RHP Honorato Mota
Batting: RHB Marvin Workman 0-0: Ball
1-0: Foul Ball, location: 2F
1-1: Foul Ball, location: 2F
1-2: Foul Ball, location: 2F
1-2: Fly out, F9 (Flyball, 9M)
Batting: RHB Salvador Medine 0-0: Called Strike
0-1: Ball
1-1: Ball
2-1: Ball
3-1: Fly out, F9 (Line Drive, 9M)
Batting: LHB Malcolm Thomas 0-0: Called Strike
0-1: Fly out, F9 (Flyball, 89D)
Bottom of the 4th over - 0 run(s), 0 hit(s), 0 error(s), 0 left on base; Mexico City 6 - Vancouver 6
TOP OF THE 5TH
Mexico City Cerveceros batting - Pitching for Vancouver Vipers : RHP Ben Evans
Batting: RHB Lorenzo Ayala 0-0: Ball
1-0: Called Strike
1-1: Foul Ball, location: 2F
1-2: Ball
2-2: Foul Ball, location: 2F
2-2: Ball
3-2: Foul Ball, location: 2F
3-2: Fly out, F9 (Flyball, 9S)
Pitching: RHP Gustavo Ramos
Batting: RHB Dennis Stephenson 0-0: Fly out, F8 (Line Drive, 8RS)
Batting: LHB Brandon Cummings 0-0: Called Strike
0-1: Foul Ball, location: 2F
0-2: Ball
1-2: Ball
2-2: Ball
3-2: Foul Ball, location: 2F
3-2: Base on Balls
Batting: RHB Rafael Rincón 0-0: Ball
1-0: Ground out 5-3 (Groundball, 56)
Top of the 5th over - 0 run(s), 0 hit(s), 0 error(s), 1 left on base; Mexico City 6 - Vancouver 6
BOTTOM OF THE 5TH
Vancouver Vipers batting - Pitching for Mexico City Cerveceros : RHP Honorato Mota
Batting: LHB Katsumi Morishita 0-0: Ball
1-0: Ball
2-0: Called Strike
2-1: Fly out, F6 (Popup, 5DF)
Batting: RHB Howard Lane 0-0: Ball
1-0: Called Strike
1-1: Swinging Strike
1-2: Ball
2-2: SOLO HOME RUN (Flyball, 89XD), Distance : 401 ft
Pitching: RHP Jonathan Long
Batting: RHB Sergio Pujols 0-0: Called Strike
0-1: Ground out 5-3 (Groundball, 5L)
Batting: RHB Oscar Rudd 0-0: Called Strike
0-1: Ball
1-1: Ball
2-1: Foul Ball, location: 2F
2-2: Ball
3-2: Base on Balls
Batting: RHB Axel Guimont 0-0: Called Strike
0-1: Foul Ball, location: 2F
0-2: Foul Ball, location: 2F
0-2: Strikes out looking
Bottom of the 5th over - 1 run(s), 1 hit(s), 0 error(s), 1 left on base; Mexico City 6 - Vancouver 7
TOP OF THE 6TH
Mexico City Cerveceros batting - Pitching for Vancouver Vipers : RHP Gustavo Ramos
Batting: RHB Reynold Akker 0-0: Called Strike
0-1: Ball
1-1: Ball
2-1: Ball
3-1: Called Strike
3-2: Base on Balls
Batting: RHB Arnold Harmon 0-0: Called Strike
0-1: Fly out, F1 (Popup, 3S)
Batting: RHB Jesús Torres 0-0: Ball
1-0: Foul Ball, location: 2F
1-1: Ball
2-1: Foul Ball, location: 2F
2-2: Foul Ball, location: 2F
2-2: Fielders Choice at 2nd, 4-6 (Groundball, 34)
Batting: RHB Dave Morgan 0-0: Foul Ball, location: 2F
0-1: Fly out, F9 (Line Drive, 9M)
Top of the 6th over - 0 run(s), 0 hit(s), 0 error(s), 1 left on base; Mexico City 6 - Vancouver 7
BOTTOM OF THE 6TH
Vancouver Vipers batting - Pitching for Mexico City Cerveceros : RHP Jonathan Long
Batting: RHB Tomás Estrada 0-0: Ground out 6-3 (Groundball, 6)
Batting: RHB Marvin Workman 0-0: Ball
1-0: Ball
2-0: Ball
3-0: Base on Balls
Batting: RHB Salvador Medine 0-0: Ball
1-0: Ball
2-0: Ball
3-0: Foul Ball, location: 2F
3-1: Called Strike
3-2: Fly out, F4 (Popup, 4MD)
Batting: LHB Malcolm Thomas 0-0: Ball
1-0: Fly out, F9 (Line Drive, 9D)
Bottom of the 6th over - 0 run(s), 0 hit(s), 0 error(s), 1 left on base; Mexico City 6 - Vancouver 7
TOP OF THE 7TH
Mexico City Cerveceros batting - Pitching for Vancouver Vipers : RHP Gustavo Ramos
Batting: LHB Chad Weaver 0-0: Ground out 4-3 (Groundball, 4)
Pitching: RHP Jesse Jones
Batting: RHB Lorenzo Ayala 0-0: SINGLE (Line Drive, 6MD)
Batting: RHB Dennis Stephenson 0-0: Ball
1-0: 2-RUN HOME RUN (Flyball, 7D), Distance : 383 ft
Batting: LHB Brandon Cummings 0-0: Called Strike
0-1: Ground out 4-3 (Groundball, 4)
Batting: RHB Rafael Rincón 0-0: Ball
1-0: Foul Ball, location: 2F
1-1: Swinging Strike
1-2: Ball
2-2: Strikes out swinging
Top of the 7th over - 2 run(s), 2 hit(s), 0 error(s), 0 left on base; Mexico City 8 - Vancouver 7
BOTTOM OF THE 7TH
Vancouver Vipers batting - Pitching for Mexico City Cerveceros : RHP Jonathan Long
Batting: LHB Katsumi Morishita 0-0: Ball
1-0: Ball
2-0: Ball
3-0: Called Strike
3-1: Base on Balls
Pinch Hitting: RHB Judson Backstrom 0-0: Fly out, F9 (Flyball, 9LM)
Pitching: RHP Gil Dickson
Pinch Hitting: LHB Jason Lambert 0-0: SINGLE (Line Drive, 56D)
Katsumi Morishita to second
Pinch Hitting: RHB Guillermo Sánchez 0-0: Foul Ball, location: 2F
0-1: Ball
1-1: Fly out, F8 (Flyball, 89D)
Runner from 2nd tags up, SAFE at 3rd, no throw
Pinch Hitting: RHB Daniel Robert 0-0: Foul Ball, location: 2F
0-1: Fly out, F8 (Flyball, 8RXD)
Bottom of the 7th over - 0 run(s), 1 hit(s), 0 error(s), 2 left on base; Mexico City 8 - Vancouver 7
TOP OF THE 8TH
Mexico City Cerveceros batting - Pitching for Vancouver Vipers : RHP Jesse Jones
Now at 1B: Judson Backstrom
Now at 2B: Richard Bowman
Now at 3B: Luis Sáenz
Now in CF: Jason Lambert
Batting: RHB Reynold Akker 0-0: Called Strike
0-1: Ball
1-1: Ball
2-1: Foul Ball, location: 2F
2-2: Ball
3-2: Ground out 4-3 (Groundball, 4M)
Batting: RHB Arnold Harmon 0-0: Ball
1-0: SINGLE (Flyball, 7LS)
Batting: RHB Jesús Torres 0-0: Foul Ball, location: 2F
0-1: Foul Ball, location: 2F
0-2: Foul Ball, location: 2F
0-2: Foul Ball, location: 2F
0-2: Foul Ball, location: 2F
0-2: 2-RUN HOME RUN (Flyball, 78XD), Distance : 422 ft
Pitching: RHP Sergio Romo
Batting: RHB Dave Morgan 0-0: Called Strike
0-1: Ball
1-1: Ground out 5-3 (Groundball, 56)
Batting: LHB Chad Weaver 0-0: Ball
1-0: Ball
2-0: Ground out 1-3 (Groundball, 13S)
Top of the 8th over - 2 run(s), 2 hit(s), 0 error(s), 0 left on base; Mexico City 10 - Vancouver 7
BOTTOM OF THE 8TH
Vancouver Vipers batting - Pitching for Mexico City Cerveceros : RHP Gil Dickson
Batting: RHB Tomás Estrada 0-0: Foul Ball, location: 2F
0-1: Swinging Strike
0-2: Ball
1-2: Strikes out looking
Batting: RHB Marvin Workman 0-0: Ball
1-0: Fly out, F9 (Flyball, 9M)
Batting: RHB Salvador Medine 0-0: Fly out, F9 (Line Drive, 9LM)
Bottom of the 8th over - 0 run(s), 0 hit(s), 0 error(s), 0 left on base; Mexico City 10 - Vancouver 7
TOP OF THE 9TH
Mexico City Cerveceros batting - Pitching for Vancouver Vipers : RHP Sergio Romo
Batting: RHB Pablo Trujillo 0-0: Ball
1-0: Fly out, F9 (Flyball, 9LM)
Batting: RHB Dennis Stephenson 0-0: Swinging Strike
0-1: Ball
1-1: Ball
2-1: DOUBLE (Flyball, 7LD)
Batting: LHB Brandon Cummings 0-0: Called Strike
0-1: Ball
1-1: Foul Ball, location: 2F
1-2: SINGLE (Groundball, 34)
Dennis Stephenson to third
Batting: RHB Rafael Rincón 0-0: Ball
1-0: Called Strike
1-1: Called Strike
1-2: Ball
2-2: Ball
3-2: 3-RUN HOME RUN (Flyball, 7LD), Distance : 367 ft
Batting: RHB Reynold Akker 0-0: Fly out, F7 (Flyball, 78M)
Batting: RHB Arnold Harmon 0-0: Ball
1-0: Called Strike
1-1: Ball
2-1: Fly out, F7 (Flyball, 78D)
Top of the 9th over - 3 run(s), 3 hit(s), 0 error(s), 0 left on base; Mexico City 13 - Vancouver 7
BOTTOM OF THE 9TH
Vancouver Vipers batting - Pitching for Mexico City Cerveceros : RHP Gil Dickson
Now at C: Jorge González
Now at SS: Jorge Rodríguez
Now in CF: Víctor Carrillo
Now in RF: Pablo Trujillo
Batting: LHB Malcolm Thomas 0-0: Swinging Strike
0-1: Ball
1-1: Ball
2-1: Foul Ball, location: 2F
2-2: Foul Ball, location: 2F
2-2: Fly out, F9 (Flyball, 89M)
Batting: LHB Katsumi Morishita 0-0: Ball
1-0: DOUBLE (Line Drive, 8LD)
Batting: RHB Judson Backstrom 0-0: Swinging Strike
0-1: Foul Ball, location: 2F
0-2: Reached on error, E4 (Groundball, 4M)
Katsumi Morishita to third
Batting: LHB Jason Lambert 0-0: Foul Ball, location: 2F
0-1: Ball
1-1: Foul Ball, location: 2F
1-2: Strikes out swinging
Batting: SHB Richard Bowman 0-0: Ground out 1-3 (Groundball, 13)
Bottom of the 9th over - 0 run(s), 1 hit(s), 1 error(s), 2 left on base; Mexico City 13 - Vancouver 7
This league is powered by Out of the Park Baseball, the baseball management simulation game for PC, Mac and Linux
Tuesday, August 2nd, 2016 - OOTP Baseball 16.8 Build 38